Map: LotV Custom - Nimbus LE - Archon Mode

Players

XelNaga

  • Race: Terran Terran
  • League: Platinum
  • Spawn Location: 11:00

Hindulaatti - Winner!

  • Race: Terran Terran
  • League: Platinum
  • Spawn Location: 5:00

VOD

Have the link to the VOD?

Description

Time

  • Played on: March 22, 2015, 11:50 a.m.
  • Length: 12:38
Show
View Real Time Build Order
Export as new Build Order

XelNaga Terran 

Build Orders: Command Center First (CC), MMM Bio 

Get SALT Encoding   

  12  0:01  SCV  
  13  0:13  SCV  
  14  0:17  Supply Depot  
  14  0:25  SCV  
  15  0:39  SCV  
  16  0:51  SCV  
  17  1:05  SCV  
  17  1:07  Command Center  
  18  1:14  Refinery  
  18  1:17  SCV  
  19  1:27  Supply Depot  
  19  1:30  SCV  
  20  1:42  SCV  
  21  2:04  SCV  
  21  2:09  Barracks  
  21  2:12  Refinery, Barracks  
  21  2:16  SCV  
  22  2:28  SCV  
  23  2:31  Supply Depot  
  23  2:52  Engineering Bay  
  23  2:57  Orbital Command  
  23  2:58  Orbital Command  
  23  3:01  Factory  
  23  3:02  Marine  
  23  3:03  Marine  
  25  3:19  Terran Infantry Weapons Level 1  
  25  3:22  Barracks Tech Lab  
  25  3:24  Marine  
  25  3:25  SCV  
  27  3:28  SCV  
  28  3:37  SCV  
  28  3:40  SCV  
  30  3:46  Barracks Reactor  
  30  3:49  SCV  
  30  3:52  SCV  
  32  3:55  Supply Depot  
  32  4:06  SCV  
  33  4:16  Barracks Tech Lab  
  33  4:18  Cyclone  
  33  4:19  SCV  
  33  4:20  SCV  
  33  4:23  Marine x2  
  40  4:31  SCV  
  40  4:32  SCV  
  42  4:39  Command Center  
  42  4:40  Refinery  
  42  4:41  Marine x2  
  42  4:42  Supply Depot  
  42  4:44  SCV  
  45  4:48  Stimpack  
  45  4:49  Marine  
  45  4:50  Cyclone  
  49  5:11  Marine x2  
  49  5:12  Marauder, SCV  
  51  5:20  SCV  
  52  5:22  Siege Tank  
  52  5:24  Supply Depot, SCV  
  55  5:32  SCV  
  56  5:40  SCV  
  57  5:43  Marine x2  
  57  5:44  Marauder, SCV  
  62  5:51  Terran Infantry Armor Level 1, Barracks x2  
  62  5:53  Barracks  
  62  5:54  SCV  
  63  6:02  SCV  
  52  6:32  Orbital Command  
  52  6:34  SCV x2  
  52  6:36  Marine  
  52  6:37  Siege Tank  
  52  6:38  Marine x2  
  60  6:42  Engineering Bay  
  60  6:44  Armory  
  60  6:45  Barracks Reactor x2  
  60  6:46  SCV x2  
  62  6:49  Combat Shields  
  62  6:58  SCV x2  
  64  7:04  Marine x2  
  64  7:05  Barracks Reactor  
  64  7:06  Marauder  
  68  7:12  Barracks Tech Lab x2  
  68  7:13  Barracks Tech Lab  
  68  7:15  Siege Tank  
  71  7:20  Starport  
  71  7:21  Refinery  
  71  7:22  Marine  
  72  7:23  SCV x3  
  72  7:24  Barracks  
  72  7:27  Marauder  
  77  7:32  Marauder x3  
  77  7:33  Concussive Shells  
  77  7:34  Marine  
  77  7:35  SCV  
  85  7:43  Supply Depot, Marine, SCV x2  
  88  7:44  Supply Depot  
  88  7:45  Terran Infantry Weapons Level 2  
  88  7:47  SCV  
  88  7:49  Marauder  
  91  7:52  Marine  
  91  7:55  SCV  
  91  7:57  SCV  
  91  7:58  Marauder  
  93  8:05  SCV  
  94  8:07  Marauder, Marine  
  94  8:08  Sensor Tower, Marauder, SCV  
  94  8:09  SCV  
  94  8:10  Marauder, Marine  
  103  8:17  SCV  
  103  8:19  Marauder  
  106  8:20  SCV  
  106  8:21  Barracks Tech Lab, SCV  
  106  8:25  Marine  
  109  8:35  Supply Depot, Marine, SCV  
  109  8:36  Marauder x2, Terran Infantry Armor Level 2  
  109  8:39  Refinery  
  117  8:41  Refinery, SCV  
  117  8:42  SCV  
  117  8:44  Reaper  
  117  8:54  Marine x2  
  117  8:57  Marauder x4  
  125  9:25  Medivac  
  125  9:26  Marauder  
  125  9:28  Marauder, SCV  
  125  9:30  Marauder, SCV  
  125  9:46  Supply Depot, Marine x2, SCV x2  
  125  9:47  Marauder x2, Supply Depot  
  133  9:57  Marine  
  133  9:59  Marauder  
  128  10:04  Marine x2  
  94  10:08  Marauder x2  
  94  10:11  Marine, SCV  
  94  10:12  SCV  
  71  10:16  Marauder  
  71  10:18  SCV  
  71  10:20  Marauder  
  76  10:22  Marine x2  
  76  10:24  SCV x2  
  80  10:30  Marauder x2  
  81  10:37  Marauder  
  81  10:40  Marine x2  
  81  10:41  Marauder  
  72  10:51  Marauder x2  
  76  10:57  Marine x2  
  76  10:58  Marauder  
  76  11:00  Orbital Command  
  76  11:02  Medivac  
  76  11:03  Marauder  
  84  11:12  Marauder x2, Barracks  
  84  11:15  Marine x2, Barracks  
  90  11:20  Marauder  
  89  11:29  Marauder  
  91  11:34  Marauder  
  93  11:41  Sensor Tower  
  93  11:42  Marauder x2, Marine x2  
  99  11:51  Marauder  
  101  11:55  Marauder  
  103  12:07  Marauder x2, Marine  
  108  12:10  Marine  
  108  12:12  Marauder  
  106  12:16  Marauder  
Show
View Real Time Build Order
Export as new Build Order

Hindulaatti Terran - Winner!

Build Orders: Command Center First (CC), Mech 

Get SALT Encoding   

  12  0:01  SCV  
  13  0:14  SCV  
  14  0:19  Supply Depot  
  14  0:26  SCV  
  15  0:41  SCV  
  16  0:53  SCV  
  17  1:01  Command Center  
  17  1:05  SCV  
  18  1:18  Barracks  
  18  1:19  SCV  
  19  1:32  Refinery  
  19  1:36  SCV  
  20  1:49  SCV  
  21  2:05  Marine  
  22  2:09  Orbital Command  
  22  2:22  Orbital Command  
  22  2:27  Marine  
  23  2:33  Factory  
  23  2:37  SCV  
  24  2:41  Refinery  
  24  2:50  Marine  
  25  2:52  SCV x2  
  27  3:03  Supply Depot  
  27  3:07  SCV  
  27  3:08  SCV  
  29  3:13  Factory  
  29  3:15  Marine  
  29  3:17  Factory Tech Lab  
  31  3:20  SCV x2  
  32  3:32  SCV x2  
  32  3:33  Marine  
  35  3:35  Supply Depot  
  35  3:38  Supply Depot  
  35  3:39  Refinery  
  35  3:40  Refinery  
  35  3:44  SCV x2  
  35  3:45  Cyclone  
  40  3:53  Engineering Bay  
  40  3:56  SCV x2  
  40  3:58  Factory Tech Lab  
  42  4:08  SCV x2  
  44  4:11  Factory  
  44  4:22  Marine  
  45  4:25  SCV x2  
  45  4:29  Command Center  
  47  4:33  Cyclone  
  47  4:37  SCV x2  
  52  4:41  Supply Depot  
  52  4:48  Armory  
  52  4:49  SCV x2  
  54  4:58  Widow Mine  
  56  5:00  Barracks Reactor  
  56  5:13  SCV x2  
  58  5:15  Cyclone  
  58  5:18  Siege Tank  
  64  5:22  Supply Depot  
  64  5:23  Supply Depot  
  64  5:25  SCV x2  
  63  5:38  Unknown  
  63  5:39  Factory Reactor  
  63  5:40  Command Center  
  63  5:57  SCV x2  
  63  5:58  Siege Tank x2  
  71  6:09  SCV x2  
  71  6:30  Widow Mine, Siege Tank  
  71  6:31  Widow Mine  
  75  6:34  Terran Vehicle and Ship Weapons Level 1  
  75  6:42  Cyclone  
  75  6:44  SCV x2  
  80  6:50  Orbital Command  
  59  6:54  Orbital Command  
  80  7:02  Cyclone, Hellion x2  
  80  7:03  Refinery  
  80  7:04  Marine x2  
  89  7:10  Factory, Refinery  
  89  7:13  Factory  
  89  7:23  SCV x3  
  89  7:24  Starport  
  89  7:28  Command Center  
  92  7:34  Siege Tank x2  
  92  7:35  SCV x2, Hellion x2  
  92  7:36  SCV  
  105  7:47  SCV x2  
  105  7:48  SCV  
  105  7:49  Marine  
  105  7:50  Marine  
  110  7:56  Hellion x2  
  114  7:59  SCV  
  115  8:17  SCV  
  116  8:25  Supply Depot  
  116  8:28  Supply Depot  
  116  8:29  Supply Depot x2  
  116  8:31  Factory Tech Lab  
  116  8:37  Factory Tech Lab  
  116  8:38  Command Center  
  116  8:39  Marine x2  
  116  8:40  Siege Tank x2, Hellion x2, SCV  
  129  8:43  Orbital Command  
  129  8:52  Infernal Pre-Igniter  
  129  8:55  Starport Reactor, Terran Vehicle and Ship Weapons Level 2  
  123  8:56  Armory  
  123  8:57  Orbital Command, Marine x2, SCV x2  
  123  9:02  Siege Tank x2  
  133  9:05  Hellion x2  
  137  9:12  Siege Tank, Hellion  
  137  9:15  Marine x2  
  140  9:33  Marine  
  140  9:34  Siege Tank x2  
  140  9:37  SCV x2  
  140  9:38  Siege Tank, Hellion x2  
  156  9:44  Siege Tank  
  159  9:53  SCV x4  
  159  9:54  Orbital Command  
  159  9:56  Viking x2  
  165  10:00  Hellion x2  
  165  10:01  Starport  
  165  10:03  Starport  
  165  10:06  Siege Tank, Hellion  
  131  10:26  Medivac  
  132  10:29  Marine x2  
  134  10:46  Viking  
  134  10:47  Siege Tank x3  
  134  10:48  Siege Tank, Hellion x2  
  152  10:54  Starport Tech Lab  
  152  10:55  Starport Tech Lab, Refinery  
  152  10:56  Starport, Viking, Refinery  
  154  11:04  Supply Depot  
  154  11:05  Supply Depot  
  154  11:07  Marine  
  154  11:08  Marine  
  156  11:14  Hellion x2  
  156  11:15  Banshee  
  156  11:16  Medivac  
  165  11:19  Siege Tank x2  
  165  11:22  Fusion Core  
  168  11:26  Viking  
  170  11:42  Starport Tech Lab, Marine x2  
  170  11:43  Hellion x2  
  170  11:44  Hellion x2  
  180  11:52  Hellion x2  
  184  12:05  Hellion x3  
  190  12:25  SCV x4  
Tags
 
Add a new tag
Caveats
  • Supply blocks, unpowered buildings, or Contaminate may cause inaccurate times.
  • Supply counts are checked every 10 seconds.